Map: Hard Lead LE

Players

SubN - Winner!

  • Race: Zerg Zerg
  • League: Diamond
  • Spawn Location: 5:00

Anzhelika

  • Race: Protoss Protoss
  • Spawn Location: 11:00

VOD

Have the link to the VOD?

Description

Time

  • Played on: Nov. 22, 2023, 3:50 p.m.
  • Length: 14:04
Show
View Real Time Build Order
Export as new Build Order

SubN Zerg - Winner!

Build Orders: Hatch First 

Get SALT Encoding   

  12  0:00  Drone  
  13  0:12  Overlord  
  13  0:16  Drone  
  14  0:30  Drone x2  
  16  0:48  Hatchery  
  15  0:52  Drone  
  15  0:54  Drone  
  17  0:58  Drone  
  17  1:00  Extractor  
  17  1:15  Spawning Pool  
  17  1:17  Drone  
  17  1:20  Drone  
  18  1:28  Drone  
  19  1:38  Drone  
  20  1:51  Overlord  
  20  2:01  Queen x2  
  20  2:03  Zergling x2  
  20  2:04  Zergling x2  
  26  2:10  Drone  
  26  2:12  Drone  
  28  2:17  Metabolic Boost  
  28  2:22  Drone  
  29  2:23  Drone  
  30  2:40  Hatchery  
  29  2:46  Queen  
  31  2:53  Queen  
  33  3:00  Drone x3  
  33  3:03  Overlord  
  36  3:08  Overlord  
  36  3:13  Overlord  
  35  3:28  Drone x6  
  41  3:38  Drone x2  
  43  3:45  Drone  
  43  3:46  Drone  
  44  3:58  Drone x5  
  49  4:09  Overlord  
  49  4:10  Overlord  
  49  4:13  Drone x4  
  49  4:16  Extractor  
  52  4:31  Overlord  
  52  4:35  Extractor  
  52  4:37  Extractor  
  50  4:40  Evolution Chamber  
  50  4:41  Evolution Chamber  
  50  4:44  Queen  
  50  4:46  Drone x6  
  50  4:47  Drone x6  
  50  4:50  Lair, Spore Crawler  
  61  5:11  Zerg Missile Weapons Level 1  
  61  5:20  Baneling Nest  
  60  5:21  Drone x3  
  60  5:24  Overlord x3  
  60  5:28  Zerg Ground Armor Level 1  
  63  5:37  Zergling x6  
  63  5:38  Zergling x16  
  74  5:49  Drone x2  
  77  5:50  Drone, Extractor  
  77  5:56  Drone  
  77  5:59  Hydralisk Den  
  77  6:03  Drone  
  77  6:05  Zergling x2  
  77  6:06  Zergling x12  
  77  6:07  Roach Warren  
  77  6:08  Baneling  
  77  6:09  Baneling x14  
  83  6:13  Zergling x6  
  86  6:23  Overseer  
  86  6:24  Overseer  
  86  6:28  Hydralisk  
  86  6:29  Hydralisk x2  
  86  6:32  Overlord x2  
  92  6:37  Muscular Augments  
  92  6:55  Hydralisk  
  92  6:56  Hydralisk x4  
  92  6:59  Zergling x2  
  92  7:00  Zergling x20  
  113  7:03  Baneling x4  
  113  7:04  Baneling  
  113  7:06  Zergling x2  
  114  7:16  Overlord x3  
  114  7:17  Overlord x3  
  114  7:24  Baneling  
  114  7:25  Baneling x5  
  114  7:32  Zerg Melee Weapons Level 1  
  114  7:36  Roach  
  128  7:37  Roach x6  
  102  7:46  Hydralisk x3  
  102  7:50  Zergling x14  
  110  7:58  Roach  
  110  7:59  Roach  
  104  8:11  Zergling x10  
  94  8:20  Overseer  
  94  8:24  Glial Reconstitution  
  94  8:25  Grooved Spines  
  94  8:32  Pneumatized Carapace  
  94  8:43  Drone x14  
  94  8:44  Drone  
  109  8:53  Drone  
  110  8:56  Centrifugal Hooks, Extractor  
  110  8:59  Hydralisk x7  
  110  9:01  Hatchery  
  122  9:13  Zergling x6  
  122  9:16  Baneling x11  
  122  9:17  Baneling, Queen  
  125  9:19  Zerg Missile Weapons Level 2  
  127  9:32  Zergling x2  
  127  9:33  Zergling x18  
  137  9:50  Infestation Pit  
  137  9:51  Zergling x2  
  137  9:52  Zergling x8  
  141  9:54  Spore Crawler  
  141  9:57  Hatchery  
  132  10:06  Zergling x2  
  132  10:07  Zergling x14  
  114  10:19  Zergling x2  
  114  10:20  Zergling x6  
  102  10:23  Baneling x3  
  102  10:24  Baneling x5  
  102  10:25  Baneling x2  
  102  10:26  Baneling x3  
  102  10:27  Baneling x3  
  102  10:29  Queen  
  102  10:32  Drone x10  
  114  10:48  Hydralisk x6  
  114  10:49  Hydralisk  
  128  10:51  Hydralisk  
  130  11:01  Extractor x2  
  128  11:05  Hydralisk x5, Spore Crawler  
  137  11:13  Zerg Ground Armor Level 2  
  137  11:23  Baneling x7  
  137  11:24  Zergling x2  
  137  11:25  Zergling x14  
  145  11:29  Overseer  
  145  11:34  Drone x3  
  145  11:35  Drone x3, Zerg Melee Weapons Level 2  
  145  11:37  Queen  
  153  11:40  Drone x5  
  158  11:57  Roach  
  158  11:58  Roach x3  
  158  12:00  Overlord x2  
  158  12:01  Overlord x4  
  166  12:22  Hydralisk x3  
  172  12:25  Roach x9  
  172  12:26  Roach x3  
  196  12:47  Hive  
  196  12:49  Roach x2  
  169  13:28  Zergling x2  
  169  13:29  Zergling x26  
  169  13:30  Zergling x32  
  179  13:45  Roach  
Show
View Real Time Build Order
Export as new Build Order

Anzhelika Protoss 

Build Orders: 1 Gate Expand, Archon Immortal 

Get SALT Encoding   

  12  0:00  Probe  
  13  0:12  Probe  
  14  0:20  Pylon  
  14  0:24  Probe  
  15  0:38  Probe (Chrono Boost)  
  15  0:40  Gateway  
  16  0:49  Probe (Chrono Boost), Assimilator  
  17  0:54  Probe (Chrono Boost)  
  18  1:04  Probe  
  19  1:16  Probe  
  20  1:24  Nexus  
  20  1:34  Cybernetics Core  
  20  1:36  Probe  
  21  1:43  Assimilator  
  21  1:48  Probe  
  22  2:00  Probe  
  23  2:11  Warp Gate  
  23  2:14  Pylon  
  23  2:21  Robotics Facility  
  23  2:30  Adept (Chrono Boost)  
  23  2:35  Probe (Chrono Boost)  
  26  2:38  Probe (Chrono Boost)  
  27  2:48  Probe (Chrono Boost)  
  27  2:49  Probe (Chrono Boost)  
  29  2:52  Adept  
  29  2:53  Probe (Chrono Boost)  
  29  2:57  Probe  
  33  3:04  Probe  
  33  3:05  Immortal (Chrono Boost)  
  34  3:09  Probe  
  39  3:15  Pylon  
  39  3:16  Probe  
  40  3:21  Probe  
  40  3:26  Pylon  
  41  3:28  Probe  
  41  3:33  Probe  
  43  3:37  Assimilator  
  43  3:38  Assimilator  
  43  3:40  Probe  
  43  3:41  Pylon  
  45  3:44  Observer  
  45  3:45  Probe  
  46  3:54  Probe  
  47  3:57  Probe  
  47  3:58  Stalker  
  50  4:07  Forge, Probe  
  50  4:09  Twilight Council  
  51  4:15  Warp Prism  
  53  4:17  Pylon  
  53  4:30  Probe x2  
  55  4:40  Gateway x2  
  55  4:42  Probe  
  55  4:44  Gateway  
  55  4:45  Gateway  
  56  4:48  Protoss Ground Weapons Level 1 (Chrono Boost)  
  56  4:50  Gateway  
  56  4:52  Charge (Chrono Boost)  
  56  5:01  Gateway  
  56  5:06  Gateway  
  56  5:08  Probe  
  56  5:09  Probe  
  58  5:19  Immortal (Chrono Boost)  
  62  5:27  Pylon  
  62  5:28  Pylon  
  62  5:37  Pylon  
  62  5:39  Templar Archives  
  62  5:40  Probe  
  62  5:41  Probe  
  64  5:44  Sentry  
  64  5:46  Zealot  
  68  5:52  Probe  
  68  5:53  Probe  
  68  5:55  Immortal (Chrono Boost)  
  70  5:57  Zealot  
  76  6:09  Zealot x3  
  82  6:14  Zealot x2  
  86  6:22  High Templar  
  86  6:23  High Templar  
  86  6:24  High Templar  
  92  6:25  Pylon  
  92  6:30  High Templar  
  92  6:31  High Templar x2  
  98  6:38  Archon x3  
  98  6:58  Pylon  
  98  7:01  Pylon  
  98  7:05  Pylon  
  98  7:10  High Templar x2  
  98  7:11  Zealot x4  
  110  7:18  Nexus  
  110  7:20  Pylon  
  110  7:24  Pylon x3  
  110  7:28  Archon  
  78  7:44  Zealot x3  
  78  7:45  Zealot x5  
  80  8:06  Zealot  
  80  8:07  Zealot x6  
  68  8:14  High Templar  
  68  8:15  High Templar x5  
  68  8:16  Zealot x2  
  68  8:19  Warp Prism  
  66  8:21  Archon x3  
  68  8:32  Photon Cannon  
  68  8:34  Photon Cannon  
  68  8:35  Photon Cannon  
  68  8:36  Probe x3, Photon Cannon  
  68  8:40  Shield Battery  
  71  8:44  High Templar  
  71  8:45  High Templar  
  76  8:48  Probe x2, Archon  
  76  8:50  Zealot x2  
  81  9:01  Zealot  
  81  9:02  Zealot x3  
  87  9:13  Zealot  
  87  9:14  Zealot  
  87  9:16  Immortal (Chrono Boost)  
  91  9:22  High Templar x2  
  99  9:25  Probe (Chrono Boost)  
  99  9:29  Archon  
  99  9:30  Probe (Chrono Boost), Protoss Ground Weapons Level 2 (Chrono Boost)  
  99  9:31  Probe (Chrono Boost)  
  102  9:35  Probe (Chrono Boost)  
  102  9:36  Zealot x2  
  108  9:38  Probe (Chrono Boost)  
  108  9:41  Zealot  
  108  9:42  Zealot  
  112  9:48  Zealot x2  
  112  9:51  Immortal (Chrono Boost)  
  83  10:13  Zealot x7  
  84  10:22  Zealot  
  86  10:31  Probe (Chrono Boost)  
  89  10:36  Probe (Chrono Boost)  
  89  10:37  Probe (Chrono Boost), Assimilator  
  89  10:39  Assimilator  
  89  10:41  Probe (Chrono Boost)  
  89  10:42  Photon Cannon  
  90  10:45  Shield Battery, Probe x2 (Chrono Boost), High Templar x2  
  90  10:46  Probe (Chrono Boost), High Templar  
  90  10:47  High Templar  
  101  10:50  Archon  
  101  10:51  Archon  
  101  10:55  Probe x2  
  103  11:00  Probe  
  104  11:07  Probe x2, High Templar  
  104  11:08  High Templar  
  104  11:09  Zealot x2  
  104  11:10  Immortal (Chrono Boost)  
  114  11:12  Probe  
  114  11:13  Archon  
  119  11:19  Probe  
  119  11:21  Zealot x2  
  119  11:25  Probe x2  
  126  11:28  Zealot  
  126  11:30  Zealot  
  130  11:46  Zealot x4  
  138  11:49  Sentry x2  
  142  11:55  High Templar  
  142  11:56  High Templar  
  142  11:58  Pylon  
  142  12:01  Archon  
  146  12:07  Pylon  
  146  12:13  Nexus  
  146  12:19  Photon Cannon x2  
  146  12:21  Photon Cannon  
  146  12:34  Zealot x7  
  160  12:47  High Templar  
  162  12:55  Probe x3  
  162  12:56  Assimilator  
  165  13:00  Assimilator  
  98  13:27  High Templar x8  
  103  13:36  Archon  
  103  13:37  Archon x3  
  90  13:44  Gateway  
  90  13:48  Gateway  
Tags
 
Add a new tag
Caveats
  • Supply blocks, unpowered buildings, or Contaminate may cause inaccurate times.
  • Supply counts are checked every 10 seconds.